NCAA
IOWA HAWKEYES @ FLORIDA GATORS
04/04/2030
 
TOP OF THE 1ST
Iowa Hawkeyes batting - Pitching for Florida Gators : RHP Máximo Rodríguez
Pitching: RHP Máximo Rodríguez
Batting: RHB Jim Sharry 0-0: SINGLE (Groundball, 34) (infield hit)
Batting: LHB Fletcher White 0-0: Swinging Strike
0-1: SINGLE (Groundball, 34) (infield hit)
Jim Sharry to second
Batting: RHB Jim Jones 0-0: Swinging Strike
0-1: Ball
1-1: Ball
2-1: Called Strike
2-2: Foul Ball, location: 2F
2-2: Strikes out swinging
Batting: LHB Allen Lee 0-0: Ball
1-0: Grounds into double play, 6-4-3 (Groundball, 6)
Top of the 1st over - 0 runs, 2 hits, 0 errors, 1 left on base; Iowa 0 - Florida 0
BOTTOM OF THE 1ST
Florida Gators batting - Pitching for Iowa Hawkeyes : RHP Jason MacDonald
Pitching: RHP Jason MacDonald
Batting: RHB Mike Kennedy 0-0: Called Strike
0-1: Fly out, F7 (Flyball, 7D)
Batting: RHB Miguel Jaramillo 0-0: Ball
1-0: Ball
2-0: Swinging Strike
2-1: TRIPLE (Line Drive, 89XD)
Batting: LHB Chad Aguilar 0-0: Swinging Strike
0-1: Ball
1-1: Ball
2-1: Swinging Strike
2-2: Strikes out swinging
Batting: RHB Ryan Huber 0-0: Called Strike
0-1: Ball
1-1: Ground out 6-3 (Groundball, 6)
Bottom of the 1st over - 0 runs, 1 hit, 0 errors, 1 left on base; Iowa 0 - Florida 0
TOP OF THE 2ND
Iowa Hawkeyes batting - Pitching for Florida Gators : RHP Máximo Rodríguez
Batting: LHB José Gonzáles 0-0: Ball
1-0: Ball
2-0: Ball
3-0: Called Strike
3-1: Foul Ball, location: 2F
3-2: Strikes out swinging
Batting: RHB John Phillips 0-0: Foul Ball, location: 2F
0-1: Swinging Strike
0-2: Strikes out swinging
Batting: RHB Jack Black 0-0: Ball
1-0: Ball
2-0: Foul Ball, location: 2F
2-1: Ball
3-1: Base on Balls
Batting: RHB Dan Perkins 0-0: Ball
1-0: Called Strike
Jack Black steals 2nd base
1-1: Ground out 5-3 (Groundball, 56)
Top of the 2nd over - 0 runs, 0 hits, 0 errors, 1 left on base; Iowa 0 - Florida 0
BOTTOM OF THE 2ND
Florida Gators batting - Pitching for Iowa Hawkeyes : RHP Jason MacDonald
Batting: RHB Dwayne Dickey 0-0: Ball
1-0: Swinging Strike
1-1: Ball
2-1: Foul Ball, location: 2F
2-2: Ball
3-2: Fly out, F7 (Flyball, 7LMF)
Batting: LHB Daniel Brennan 0-0: Fly out, F8 (Flyball, 8LM)
Batting: RHB David Martin 0-0: Ball
1-0: Called Strike
1-1: Ball
2-1: Foul Ball, location: 2F
2-2: Ball
3-2: Fly out, F9 (Flyball, 9D)
Bottom of the 2nd over - 0 runs, 0 hits, 0 errors, 0 left on base; Iowa 0 - Florida 0
TOP OF THE 3RD
Iowa Hawkeyes batting - Pitching for Florida Gators : RHP Máximo Rodríguez
Batting: RHB Jeff Harden 0-0: Swinging Strike
0-1: Ball
1-1: SINGLE (Groundball, 6D)
Batting: RHB Jim Sharry 0-0: Ball
1-0: Ball
2-0: Foul Ball, location: 2F
2-1: Foul Ball, location: 2F
2-2: Ball
3-2: Foul Ball, location: 2F
3-2: Foul Ball, location: 2F
3-2: Foul Ball, location: 2F
3-2: Fly out, F7 (Flyball, 7)
Batting: LHB Fletcher White 0-0: Ball
1-0: Ball
Jeff Harden steals 2nd base
2-0: Ball
3-0: Called Strike
3-1: Ground out U3 (Groundball, 3)
Jeff Harden to third
Batting: RHB Jim Jones 0-0: Ball
1-0: Fly out, F9 (Flyball, 9LSF)
Top of the 3rd over - 0 runs, 1 hit, 0 errors, 1 left on base; Iowa 0 - Florida 0
BOTTOM OF THE 3RD
Florida Gators batting - Pitching for Iowa Hawkeyes : RHP Jason MacDonald
Batting: LHB Eddie Winters 0-0: Called Strike
0-1: Foul Ball, location: 2F
0-2: Foul Ball, location: 2F
0-2: Strikes out swinging
Pitching: LHP Dustin Scott
Batting: RHB Fred Byrd 0-0: Called Strike
0-1: Ball
1-1: Fly out, F2 (Popup, 23F)
Batting: RHB Mike Kennedy 0-0: Foul Ball, location: 2F
0-1: Called Strike
0-2: Ball
1-2: Ball
2-2: Ball
3-2: Base on Balls
Batting: RHB Miguel Jaramillo 0-0: Ball
Mike Kennedy is caught stealing 2nd base
Bottom of the 3rd over - 0 runs, 0 hits, 0 errors, 0 left on base; Iowa 0 - Florida 0
TOP OF THE 4TH
Iowa Hawkeyes batting - Pitching for Florida Gators : RHP Máximo Rodríguez
Batting: LHB Allen Lee 0-0: Fly out, F8 (Flyball, 8LS)
Batting: LHB José Gonzáles 0-0: Foul Ball, location: 2F
0-1: Ball
1-1: Ball
2-1: Swinging Strike
2-2: Ball
3-2: Strikes out swinging
Batting: RHB John Phillips 0-0: Ball
1-0: Swinging Strike
1-1: Ball
2-1: Called Strike
2-2: Foul Ball, location: 2F
2-2: Foul Ball, location: 2F
2-2: Strikes out looking
Top of the 4th over - 0 runs, 0 hits, 0 errors, 0 left on base; Iowa 0 - Florida 0
BOTTOM OF THE 4TH
Florida Gators batting - Pitching for Iowa Hawkeyes : LHP Dustin Scott
Batting: RHB Miguel Jaramillo 0-0: Ball
1-0: Called Strike
1-1: Called Strike
1-2: Strikes out swinging
Batting: LHB Chad Aguilar 0-0: Foul Ball, location: 2F
0-1: Foul Ball, location: 2F
0-2: Ball
1-2: Strikes out swinging
Batting: RHB Ryan Huber 0-0: Ball
1-0: Fly out, F7 (Flyball, 7S)
Bottom of the 4th over - 0 runs, 0 hits, 0 errors, 0 left on base; Iowa 0 - Florida 0
TOP OF THE 5TH
Iowa Hawkeyes batting - Pitching for Florida Gators : RHP Máximo Rodríguez
Batting: RHB Jack Black 0-0: DOUBLE (Groundball, 3L)
Batting: RHB Dan Perkins 0-0: Ball
Jack Black steals 3rd base
1-0: Ball
2-0: Fly out, F5 (Popup, 56S)
Batting: RHB Jeff Harden 0-0: Foul Ball, location: 2F
0-1: Foul Ball, location: 2F
0-2: Strikes out swinging
Batting: RHB Jim Sharry 0-0: Ball
1-0: Ball
2-0: Foul Ball, location: 2F
2-1: Foul Ball, location: 2F
2-2: Ball
3-2: Strikes out swinging
Top of the 5th over - 0 runs, 1 hit, 0 errors, 1 left on base; Iowa 0 - Florida 0
BOTTOM OF THE 5TH
Florida Gators batting - Pitching for Iowa Hawkeyes : LHP Dustin Scott
Batting: RHB Dwayne Dickey 0-0: Ball
1-0: Called Strike
1-1: Foul Ball, location: 2F
1-2: Fly out, F6 (Popup, 6MD)
Batting: LHB Daniel Brennan 0-0: Swinging Strike
0-1: DOUBLE (Line Drive, 89D)
Batting: RHB David Martin 0-0: Intentional Walk
Batting: LHB Eddie Winters 0-0: Ball
1-0: Fly out, F7 (Line Drive, 7S)
Batting: RHB Fred Byrd 0-0: Called Strike
0-1: Called Strike
0-2: Strikes out swinging
Bottom of the 5th over - 0 runs, 1 hit, 0 errors, 2 left on base; Iowa 0 - Florida 0
TOP OF THE 6TH
Iowa Hawkeyes batting - Pitching for Florida Gators : RHP Máximo Rodríguez
Batting: LHB Fletcher White 0-0: Swinging Strike
0-1: Called Strike
0-2: Ball
1-2: Foul Ball, location: 2F
1-2: Strikes out swinging
Batting: RHB Jim Jones 0-0: SINGLE (Groundball, 34D)
Pitching: RHP Robinson Mesa
Batting: LHB Allen Lee 0-0: Swinging Strike
0-1: Swinging Strike
0-2: SINGLE (Groundball, 4MD)
Jim Jones to second
Batting: LHB José Gonzáles 0-0: Called Strike
0-1: Foul Ball, location: 2F
0-2: Strikes out swinging
Batting: RHB John Phillips 0-0: Ball
1-0: Ball
2-0: Ball
3-0: Base on Balls
Jim Jones to third
Allen Lee to second
Batting: RHB Jack Black 0-0: Called Strike
0-1: Foul Ball, location: 2F
0-2: Fly out, F9 (Flyball, 9S)
Top of the 6th over - 0 runs, 2 hits, 0 errors, 3 left on base; Iowa 0 - Florida 0
BOTTOM OF THE 6TH
Florida Gators batting - Pitching for Iowa Hawkeyes : LHP Dustin Scott
Batting: RHB Mike Kennedy 0-0: Ball
1-0: Ball
2-0: Called Strike
2-1: Foul Ball, location: 2F
2-2: Ball
3-2: SINGLE (Groundball, 56D)
Batting: RHB Miguel Jaramillo 0-0: Ball
Mike Kennedy steals 2nd base
1-0: Intentional Walk
Batting: LHB Chad Aguilar 0-0: Called Strike
0-1: Swinging Strike
0-2: DOUBLE (Flyball, 89D)
Mike Kennedy scores
Miguel Jaramillo to third
Runner from 3rd tries for Home, SAFE, no throw
Batting: RHB Ryan Huber 0-0: Intentional Walk
Pitching: RHP Wes Jordan
Batting: RHB Dwayne Dickey 0-0: Ball
1-0: SINGLE (Line Drive, 7S)
Chad Aguilar to third
Ryan Huber to second
Runner from 3rd tries for Home, SAFE, no throw
Batting: LHB Daniel Brennan 0-0: Ground out U3 (Groundball, 34S)
Ryan Huber to third
Dwayne Dickey to second
Batting: RHB David Martin 0-0: Intentional Walk
Batting: LHB Eddie Winters 0-0: Foul Ball, location: 2F
0-1: Foul Ball, location: 2F
0-2: Grounds into fielders choice 3-2 (Groundball, 34)
Dwayne Dickey to third
David Martin to second
Batting: RHB Fred Byrd 0-0: Ball
1-0: Fly out, F8 (Line Drive, 8RD)
Bottom of the 6th over - 3 runs, 3 hits, 0 errors, 3 left on base; Iowa 0 - Florida 3
TOP OF THE 7TH
Iowa Hawkeyes batting - Pitching for Florida Gators : RHP Robinson Mesa
Batting: RHB Dan Perkins 0-0: Called Strike
0-1: Ball
1-1: Foul Ball, location: 2F
1-2: Foul Ball, location: 2F
1-2: Strikes out looking
Batting: RHB Jeff Harden 0-0: Ball
1-0: Ball
2-0: Called Strike
2-1: Fly out, F8 (Flyball, 89S)
Batting: RHB Jim Sharry 0-0: Ball
1-0: Called Strike
1-1: Ground out 4-3 (Groundball, 4)
Top of the 7th over - 0 runs, 0 hits, 0 errors, 0 left on base; Iowa 0 - Florida 3
BOTTOM OF THE 7TH
Florida Gators batting - Pitching for Iowa Hawkeyes : RHP Wes Jordan
Batting: RHB Mike Kennedy 0-0: Ball
1-0: Ball
2-0: Called Strike
2-1: Foul Ball, location: 2F
2-2: Foul Ball, location: 2F
2-2: Ground out 1-3 (Groundball, 13)
Batting: RHB Miguel Jaramillo 0-0: Foul Ball, location: 2F
0-1: Foul Ball, location: 2F
0-2: Ball
1-2: Foul Ball, location: 2F
1-2: Ball
2-2: Fly out, F9 (Flyball, 9S)
Batting: LHB Chad Aguilar 0-0: Fly out, F7 (Flyball, 78XD)
Bottom of the 7th over - 0 runs, 0 hits, 0 errors, 0 left on base; Iowa 0 - Florida 3
TOP OF THE 8TH
Iowa Hawkeyes batting - Pitching for Florida Gators : RHP Robinson Mesa
Now at SS: Nick Ratzlaff
Batting: LHB Fletcher White 0-0: Ball
1-0: Called Strike
1-1: Ball
2-1: Swinging Strike
2-2: Ground out 5-3 (Groundball, 5)
Batting: RHB Jim Jones 0-0: Called Strike
0-1: Swinging Strike
0-2: Ball
1-2: Ball
2-2: Foul Ball, location: 2F
2-2: Foul Ball, location: 2F
2-2: Ball
3-2: Fly out, F3 (Line Drive, 3S)
Batting: LHB Allen Lee 0-0: Ball
1-0: Ball
2-0: SOLO HOME RUN (Flyball, 9LD), Distance : 317 ft
Batting: LHB José Gonzáles 0-0: Called Strike
0-1: Called Strike
0-2: Ball
1-2: Foul Ball, location: 2F
1-2: Foul Ball, location: 2F
1-2: Foul Ball, location: 2F
1-2: Foul Ball, location: 2F
1-2: Ball
2-2: SINGLE (Line Drive, 4)
Batting: RHB John Phillips 0-0: Ball
1-0: Reached on error, E6 (Groundball, 6)
José Gonzáles to second
Pitching: RHP Peter Poe
Batting: RHB Jack Black 0-0: Ball
1-0: Ball
2-0: Called Strike
2-1: Foul Ball, location: 2F
2-2: Ball
3-2: Base on Balls
José Gonzáles to third
John Phillips to second
Batting: RHB Dan Perkins 0-0: Ball
1-0: Called Strike
1-1: Ball
Wild Pitch!
José Gonzáles scores
John Phillips to third
Jack Black to second
2-1: Foul Ball, location: 2F
2-2: Strikes out swinging
Top of the 8th over - 2 runs, 2 hits, 1 error, 2 left on base; Iowa 2 - Florida 3
BOTTOM OF THE 8TH
Florida Gators batting - Pitching for Iowa Hawkeyes : RHP Wes Jordan
Batting: RHB Ryan Huber 0-0: Ground out 5-3 (Groundball, 5)
Batting: RHB Dwayne Dickey 0-0: Ball
1-0: Foul Ball, location: 2F
1-1: Swinging Strike
1-2: Fly out, F7 (Flyball, 7LSF)
Batting: LHB Daniel Brennan 0-0: Ball
1-0: Called Strike
1-1: Called Strike
1-2: Strikes out swinging
Bottom of the 8th over - 0 runs, 0 hits, 0 errors, 0 left on base; Iowa 2 - Florida 3
TOP OF THE 9TH
Iowa Hawkeyes batting - Pitching for Florida Gators : RHP Peter Poe
Pitching: RHP Sacha Ouellet
Now at C: Luis Noriega
Pinch Hitting: LHB Jesús Torres 0-0: Called Strike
0-1: Ball
1-1: Ball
2-1: Ball
3-1: Foul Ball, location: 2F
3-2: Base on Balls
Batting: RHB Jim Sharry 0-0: Bunted foul
0-1: Bunt missed!
0-2: Ball
1-2: Fly out, F9 (Flyball, 9)
Batting: LHB Fletcher White 0-0: Called Strike
0-1: Called Strike
0-2: Ball
1-2: Ball
2-2: Strikes out swinging
Batting: RHB Jim Jones 0-0: Ball
1-0: 2-RUN HOME RUN (Line Drive, 7LD), Distance : 336 ft
Batting: LHB Allen Lee 0-0: Ball
1-0: Called Strike
1-1: Fly out, F8 (Line Drive, 8RD)
Top of the 9th over - 2 runs, 1 hit, 0 errors, 0 left on base; Iowa 4 - Florida 3
BOTTOM OF THE 9TH
Florida Gators batting - Pitching for Iowa Hawkeyes : RHP Wes Jordan
Now in LF: Jesús Torres
Pinch Hitting: RHB Dan Britt 0-0: Ball
1-0: Called Strike
1-1: Called Strike
1-2: Strikes out swinging
Batting: LHB Eddie Winters 0-0: SOLO HOME RUN (Flyball, 89XD), Distance : 388 ft
Batting: SHB Nick Ratzlaff 0-0: Called Strike
0-1: Ball
1-1: Ball
2-1: Called Strike
2-2: Ball
3-2: Foul Ball, location: 2F
3-2: Fly out, F3 (Line Drive, 3)
Batting: RHB Mike Kennedy 0-0: Called Strike
0-1: SINGLE (Groundball, 6) (infield hit)
Batting: RHB Miguel Jaramillo 0-0: Ball
1-0: Ball
2-0: Foul Ball, location: 2F
2-1: Foul Ball, location: 2F
2-2: Foul Ball, location: 2F
2-2: Fly out, F3 (Popup, 23)
Bottom of the 9th over - 1 run, 2 hits, 0 errors, 1 left on base; Iowa 4 - Florida 4
TOP OF THE 10TH
Iowa Hawkeyes batting - Pitching for Florida Gators : RHP Sacha Ouellet
Now in LF: Jack Ledesma
Batting: LHB José Gonzáles 0-0: SINGLE (Flyball, 3D)
Pinch Hitting: LHB Foster Clark 0-0: Called Strike
José Gonzáles steals 2nd base
0-1: Fly out, F6 (Popup, 4M)
Batting: RHB Jack Black 0-0: Intentional Walk
Batting: RHB Dan Perkins 0-0: Called Strike
0-1: Ball
1-1: Ball
2-1: Ball
3-1: Swinging Strike
3-2: Strikes out swinging
Batting: LHB Jesús Torres 0-0: Ball
1-0: Ball
2-0: Fly out, F7 (Flyball, 7LSF)
Top of the 10th over - 0 runs, 1 hit, 0 errors, 2 left on base; Iowa 4 - Florida 4
BOTTOM OF THE 10TH
Florida Gators batting - Pitching for Iowa Hawkeyes : RHP Wes Jordan
Now at 1B: Foster Clark
Batting: LHB Chad Aguilar 0-0: Reached on error, E6 (Groundball, 6)
Pitching: LHP Jon Carriere
Batting: RHB Ryan Huber 0-0: Ball
1-0: Ball
2-0: Ball
3-0: Swinging Strike
3-1: Called Strike
3-2: Fly out, F7 (Flyball, 7LM)
Batting: RHB Luis Noriega 0-0: Called Strike
0-1: Fly out, F5 (Popup, 25F)
Batting: LHB Daniel Brennan 0-0: Ball
1-0: Ball
2-0: Called Strike
2-1: Fly out, F6 (Popup, 6M)
Bottom of the 10th over - 0 runs, 0 hits, 1 error, 1 left on base; Iowa 4 - Florida 4
TOP OF THE 11TH
Iowa Hawkeyes batting - Pitching for Florida Gators : RHP Sacha Ouellet
Pitching: RHP Walt Wall
Batting: RHB Jim Sharry 0-0: Ball
1-0: Foul Ball, location: 2F
1-1: Called Strike
1-2: Foul Ball, location: 2F
1-2: SINGLE (Line Drive, 7LS)
Batting: LHB Fletcher White 0-0: Fly out, F7 (Line Drive, 7S)
Batting: RHB Jim Jones 0-0: Called Strike
0-1: Swinging Strike
0-2: Strikes out swinging
Batting: LHB Allen Lee 0-0: Called Strike
0-1: Foul Ball, location: 2F
0-2: Strikes out swinging
Top of the 11th over - 0 runs, 1 hit, 0 errors, 1 left on base; Iowa 4 - Florida 4
BOTTOM OF THE 11TH
Florida Gators batting - Pitching for Iowa Hawkeyes : LHP Jon Carriere
Batting: RHB Jack Ledesma 0-0: Ball
1-0: SINGLE (Groundball, 4MD)
Batting: LHB Eddie Winters 0-0: Bunted foul
0-1: Ball
1-1: Bunted foul
1-2: Ball
2-2: Ground out 3-1 (Groundball, 34S)
Jack Ledesma to second
Batting: SHB Nick Ratzlaff 0-0: Ball
1-0: Foul Ball, location: 2F
1-1: Foul Ball, location: 2F
1-2: Strikes out swinging
Pitching: RHP Alejandro Ortíz
Batting: RHB Mike Kennedy 0-0: Foul Ball, location: 2F
0-1: Called Strike
0-2: Ball
1-2: Ball
2-2: Strikes out looking
Bottom of the 11th over - 0 runs, 1 hit, 0 errors, 1 left on base; Iowa 4 - Florida 4
TOP OF THE 12TH
Iowa Hawkeyes batting - Pitching for Florida Gators : RHP Walt Wall
Batting: LHB José Gonzáles 0-0: Foul Ball, location: 2F
0-1: Ground out 4-3 (Groundball, 34D)
Batting: LHB Foster Clark 0-0: Ball
1-0: Swinging Strike
1-1: Foul Ball, location: 2F
1-2: Ball
2-2: Ball
3-2: Base on Balls
Batting: RHB Jack Black 0-0: Ball
1-0: Ball
2-0: Foul Ball, location: 2F
2-1: Swinging Strike
2-2: Strikes out swinging
Batting: RHB Dan Perkins 0-0: Called Strike
0-1: Fly out, F9 (Flyball, 9)
Top of the 12th over - 0 runs, 0 hits, 0 errors, 1 left on base; Iowa 4 - Florida 4
BOTTOM OF THE 12TH
Florida Gators batting - Pitching for Iowa Hawkeyes : RHP Alejandro Ortíz
Batting: RHB Miguel Jaramillo 0-0: Ball
1-0: Ball
2-0: Foul Ball, location: 2F
2-1: Foul Ball, location: 2F
2-2: Foul Ball, location: 2F
2-2: Ball
3-2: Ground out 6-3 (Groundball, 6)
Batting: LHB Chad Aguilar 0-0: Foul Ball, location: 2F
0-1: Ground out U3 (Groundball, 34)
Batting: RHB Ryan Huber 0-0: Ball
1-0: Fly out, F3 (Line Drive, 3)
Bottom of the 12th over - 0 runs, 0 hits, 0 errors, 0 left on base; Iowa 4 - Florida 4
TOP OF THE 13TH
Iowa Hawkeyes batting - Pitching for Florida Gators : RHP Walt Wall
Pitching: RHP Paul Glover
Batting: LHB Jesús Torres 0-0: Ball
1-0: Called Strike
1-1: Foul Ball, location: 2F
1-2: Ball
2-2: Strikes out looking
Batting: RHB Jim Sharry 0-0: Ball
1-0: SINGLE (Groundball, 4M) (infield hit)
Batting: LHB Fletcher White 0-0: Ball
1-0: Ball
2-0: Ball
3-0: Base on Balls
Jim Sharry to second
Batting: RHB Jim Jones 0-0: Called Strike
Jim Sharry steals 3rd base
Fletcher White to second
0-1: Swinging Strike
0-2: Strikes out swinging
Batting: LHB Allen Lee 0-0: Ball
1-0: Fly out, F7 (Flyball, 7S)
Top of the 13th over - 0 runs, 1 hit, 0 errors, 2 left on base; Iowa 4 - Florida 4
BOTTOM OF THE 13TH
Florida Gators batting - Pitching for Iowa Hawkeyes : RHP Alejandro Ortíz
Batting: RHB Luis Noriega 0-0: Called Strike
0-1: Ball
1-1: Swinging Strike
1-2: SINGLE (Groundball, 4MD)
Batting: LHB Daniel Brennan 0-0: Ball
1-0: Foul Ball, location: 2F
1-1: Foul Ball, location: 2F
1-2: Ball
2-2: Fly out, F7 (Flyball, 7)
Batting: RHB Jack Ledesma 0-0: Fly out, F9 (Flyball, 9LS)
Batting: LHB Eddie Winters 0-0: Ball
1-0: Ball
2-0: Ball
3-0: Base on Balls
Luis Noriega to second
Batting: SHB Nick Ratzlaff 0-0: SINGLE (Groundball, 4MD)
Luis Noriega to third
Eddie Winters to second
Runner from 3rd tries for Home, SAFE, no throw
Saturday, April 7th, 2018 - OOTP Baseball 18.8 Build 76